 Dungeon Crawl Stone Soup version 0.26-a0-200-g62faa89a7e (webtiles) character file.

Game seed: 716876935171174056

118 Flugkiller the Stinger (level 5, 0/31 HPs)
             Began as an Octopode Venom Mage on July 5, 2020.
             Was an Initiate of Cheibriados.
             Slain by an orc
             ... wielding a +0 mace
              (3 damage)
             ... on level 4 of the Dungeon.
             The game lasted 00:06:12 (535 turns).

Flugkiller the Stinger (Octopode Venom Mage)         Turns: 535, Time: 00:06:13

Health: 0/31       AC:  1    Str:  8    XL:     5   Next: 2%
Magic:  5/10       EV: 13    Int: 19    God:    Cheibriados [......]
Gold:   39         SH:  0    Dex: 14    Spells: 5/11 levels left

rFire    . . .     SeeInvis .   h - +0 long sword
rCold    . . .     Faith    .   (no shield)
rNeg     . . .     Spirit   .   (helmet restricted)
rPois    .         Reflect  .   f - amulet of regeneration
rElec    .         Harm     .   (no ring)
rCorr    .                      (no ring)
MR       .....                  (no ring)
Stlth    +++.......             (no ring)
HPRegen  0.50/turn              (no ring)
MPRegen  0.12/turn              (no ring)
                                (no ring)
                                (no ring)

@: very slow
A: almost no armour, stealthy swim, amphibious, 8 rings, constrict 8, camouflage
1, gelatinous body 1
a: Bend Time, Renounce Religion


You were on level 4 of the Dungeon.
You worshipped Cheibriados.
Cheibriados was noncommittal.
You were not hungry.

You visited 1 branch of the dungeon, and saw 4 of its levels.

You collected 39 gold pieces.

Inventory:

Hand Weapons
 a - a +0 dagger
   (You took it off a goblin on level 1 of the Dungeon)
 h - a +0 long sword (weapon)
   (You found it on level 3 of the Dungeon)
Missiles
 e - 22 bolts
 i - 5 poisoned darts (quivered)
Jewellery
 f - an amulet of regeneration (around mantle)
   (You found it on level 3 of the Dungeon)
Scrolls
 d - a scroll of remove curse {unknown}
Potions
 c - a potion of curing {unknown}
Comestibles
 b - 2 rations


   Skills:
 - Level 2.0 Dodging
 - Level 2.6 Stealth
 + Level 3.5 Spellcasting
 - Level 1.0 Transmutations
 + Level 5.3 Poison Magic


You had 5 spell levels left.
You knew the following spells:

 Your Spells              Type           Power        Failure   Level  Hunger
a - Sting                 Tmut/Pois      ###.         4%          1    None
b - Poisonous Vapours     Pois/Air       ##....       8%          2    ##.....
c - Mephitic Cloud        Conj/Pois/Air  ##......     21%         3    ###....

Your spell library contained the following spells:

 Spells                   Type           Power        Failure   Level  Hunger
 Olgreb's Toxic Radiance  Pois           ###.....     16%         4    ####...
 Ignite Poison            Fire/Tmut/Pois ##......     19%         3    ###....


Dungeon Overview and Level Annotations

Branches:
Dungeon (4/15)
 Temple: D:4-7

Altars:
Cheibriados
Okawaru

Annotations:
D:4 Sigmund


Innate Abilities, Weirdness & Mutations

You cannot wear most types of armour.
You are very stealthy in the water. (Stealth+)
You are amphibious.
You can wear up to eight rings at the same time.
You can use your tentacles to constrict eight enemies at once.
Your skin changes colour to match your surroundings (Stealth+).
Your rubbery body absorbs attacks. (AC +1, EV +1)


Message History

The orc shouts!
You hit the dart slug.
The dart slug is almost dead.
You constrict the dart slug.
You kill the dart slug!
The orc hits you with a +0 flail.
You hit the orc but do no damage. You grab the orc. You squeeze the orc!
You kill the orc!
Cheibriados appreciates the change of pace.
You closely miss the orc priest. Your grab misses the orc priest.
The orc priest is almost dead.
The orc priest calls down the wrath of Beogh upon you.
Beogh smites you!
* * * LOW HITPOINT WARNING * * *
The orc priest looks encouraged for a moment.
You hit the orc priest but do no damage.
You grab the orc priest.
The orc priest is almost dead.
You constrict the orc priest, but do no damage.
The orc priest struggles to escape constriction.
Unknown command.
Casting: Poisonous Vapours (safe; 8% risk of failure)
Confirm with . or Enter, or press ? or * to list all spells.
Aiming: Sting (safe; 4% risk of failure)
Press: ? - help, Shift-Dir - straight line, f/p - orc priest
Aim: an orc priest, wielding a +0 short sword and wearing a +0 ring mail (severely wounded, constricted by you)
The sting hits the orc priest but does no damage.
The orc priest is poisoned.
The orc priest is severely wounded.
You constrict the orc priest.
The orc priest escapes!
Unknown command.
The orc priest hits you with a +0 short sword.
* * * LOW HITPOINT WARNING * * *
Press: ? - help, v - describe, . - travel
Here: an orc priest, wielding a +0 short sword and wearing a +0 ring mail (almost dead, poisoned)
The floor.
Unknown command.
You hit the orc priest.
You kill the orc priest!
Cheibriados appreciates the change of pace.
You have reached level 5!
You feel agile. The orc hits you with a +0 mace!
* * * LOW HITPOINT WARNING * * *
Unknown command.
Okay, then.
You hit the orc. Your grab misses the orc. Your squeeze misses the orc.
The orc is moderately wounded.
The orc hits you with a +0 mace.
You die...

........# #+##
.......##...#
.......#...#
#.$..##...#
#+##....##...#
.........#...#
.........#...#
.?.......)o..#
.........#o@.#
##.....o##...#
#..o...##...#
.........#...#
o........#...#
.........#...#
....... +...#
#...#


You could see 2 orcs.

Vanquished Creatures
  2 orc priests
  Natasha (D:2)
  A dart slug (D:4)
  5 orcs
  4 jackals (D:1)
  A quokka (D:2)
  A ball python (D:3)
  3 bats
  2 frilled lizards (D:3)
  3 goblins
  4 kobolds
  A rat (D:2)
28 creatures vanquished.

Notes
Turn   | Place    | Note
-------+----------+-------------------------------------------
     0 | D:1      | Flugkiller the Octopode Venom Mage began the quest for the
                  | Orb.
     0 | D:1      | Reached XP level 1. HP: 11/11 MP: 3/3
   100 | D:1      | Reached XP level 2. HP: 7/17 MP: 0/5
   104 | D:1      | Learned a level 2 spell: Poisonous Vapours
   195 | D:2      | Reached skill level 4 in Poison Magic
   229 | D:2      | Noticed Natasha
   234 | D:2      | Noticed a crimson imp
   236 | D:2      | Noticed a crimson imp
   238 | D:2      | Killed Natasha
   238 | D:2      | Reached XP level 3. HP: 18/21 MP: 0/7
   301 | D:3      | Learned a level 3 spell: Mephitic Cloud
   390 | D:3      | Found a snail-covered altar of Cheibriados.
   391 | D:3      | Found an iron altar of Okawaru.
   398 | D:3      | Became a worshipper of Cheibriados the Contemplative
   468 | D:3      | Reached skill level 5 in Poison Magic
   468 | D:3      | Reached XP level 4. HP: 27/27 MP: 2/8
   505 | D:4      | Noticed Sigmund
   534 | D:4      | Reached XP level 5. HP: 10/31 MP: 5/10
   535 | D:4      | Slain by an orc

Illustrated notes

Levels and vault maps discovered:
D:1:      roderic_dead_forest, layout_basic, minmay_strange_pillars
D:2:      layout_basic, lemuel_zombie_altar_yredelemnul, uniq_natasha
D:3:      layout_basic, grunt_temple_overflow_open, first_ration,
          minmay_close_crescents
D:4:      layout_gridville, marbit_many_paths, uniq_sigmund

Skill      XL: |  1  2  3 |
---------------+----------+-----
Poison Magic   | 4 5 |  5.3
Spellcasting   | 3 |  3.5
Dodging        | |  2.0
Stealth        | |  2.6
Transmutations | |  1.0

Action                   |  1- 3 |  4- 6 || total
-------------------------+-------+-------++-------
Melee: Dagger            |    25 |       ||    25
       Constrict         |    11 |     6 ||    17
       Tentacles         |     5 |     3 ||     8
       Unarmed           |     1 |       ||     1
       Long sword        |     3 |    13 ||    16
 Cast: Sting             |    18 |     1 ||    19
       Poisonous Vapours |     5 |     2 ||     7
Armor: Skin              |     2 |     1 ||     3
Dodge: Dodged            |    34 |     2 ||    36
       Rpst.: Long sword |     1 |     1 ||     2

Table legend:
 A = Non-vault XP
 B = Vault XP
 C = Vault XP percentage of total XP
 D = Non-vault monster count
 E = Vault monster count
 F = Vault count percentage of total count
                 A         B        C        D         E       F
            +---------+---------+-------+---------+---------+-------
      Total |     133 |      36 |  21.3 |      27 |       1 |   3.6
            +---------+---------+-------+---------+---------+-------
        D:1 |      10 |       0 |   0.0 |       6 |       0 |   0.0
        D:2 |       7 |      36 |  83.7 |       5 |       1 |  16.7
        D:3 |      63 |       0 |   0.0 |      12 |       0 |   0.0
        D:4 |      53 |       0 |   0.0 |       4 |       0 |   0.0
            +---------+---------+-------+---------+---------+-------
